 Dungeon Crawl Stone Soup version 0.29.0-4-gdea44cf6ec (webtiles) character file.

Game seed: 11126118659269578152

4 qw the Sneak (level 1, -5/14 HPs)
             Began as a Gargoyle Delver on Sept 10, 2022.
             Slain by a black bear (7 damage)
             ... on level 5 of the Dungeon.
             The game lasted 00:00:01 (38 turns).

qw the Sneak (Gargoyle Delver)                        Turns: 38, Time: 00:00:02

Health: -5/14      AC:  5    Str: 15    XL:     1   Next: 60%
Magic:  1/1        EV: 11    Int: 10    God:
Gold:   0          SH:  0    Dex: 11    Spells: 0/0 levels left

rFire   . . .      SeeInvis .   a - +0 hand axe
rCold   . . .      Faith    .   (no shield)
rNeg    + . .      Spirit   .   b - +0 leather armour
rPois   inf        Reflect  .   (no helmet)
rElec   +          Harm     .   (no cloak)
rCorr   .          Rampage  .   (no gloves)
Will    .....                   (no boots)
Stlth   +++.......              (no amulet)
HPRegen 0.04/turn               (no ring)
MPRegen 0.07/turn               (no ring)

@: no status effects
A: sickness immunity, AC +2, negative energy resistance 1, electricity
resistance, torment resistance 1, petrification resistance
a: no special abilities


You were on level 5 of the Dungeon.
You visited 1 branch of the dungeon, and saw 1 of its levels.


Innate Abilities, Weirdness & Mutations

You are immune to sickness and miasma.
Your stone body is resilient. (AC +2)
You are immune to poison.
You resist negative energy. (rN+)
You are resistant to electric shocks. (rElec)
You are resistant to unholy torment.
You are immune to petrification.


   Skills:
 - Level 3.2 Fighting
 + Level 2.1 Axes
 - Level 1.5 Dodging
 - Level 5.4 Stealth


You couldn't memorise any spells.
You didn't know any spells.
Your spell library was empty.

Inventory:

Hand Weapons
 a - a +0 hand axe (weapon)
Armour
 b - a +0 leather armour (worn)
Wands
 g - a wand of digging (8)
Scrolls
 c - a scroll of fog
 d - a scroll of magic mapping
 e - a scroll of fear
Potions
 f - a potion of haste

Dungeon Overview and Level Annotations

Branches:
Dungeon (5/15)
 Temple: D:4-7

Altars:


Message History

Found a stone staircase leading down.
Assign waypoint to what number? (0-9) Waypoint 2 assigned to D:5.
Enter note:
0 ||| PLANNING D:1-11
g - a wand of digging (8) (gained 5 charges)
An orc comes into view. It is wielding a +0 short sword.
The orc shouts!
You hear an angry growl.
You hear a shout!
Enter note:
Enter note: An orc comes into view. It is wielding a +0 flail.
22 ||| Stepping ~*~*~tactically~*~*~ (stealth).
An orc comes into view. It is wielding a +0 flail.
The orc shouts!
You hit the orc.
The orc is lightly wounded.
You hear an angry growl.
The orc hits you with a +0 short sword.
You hit the orc.
You kill the orc!
Your Axes skill increases to level 2!
A black bear comes into view.
29 ||| Stepping ~*~*~tactically~*~*~ (stealth).
The orc shouts!
You slash the orc!
You kill the orc!
An orc comes into view. It is wielding a +0 club.
33 ||| Stepping ~*~*~tactically~*~*~ (stealth).
36 ||| Stepping ~*~*~tactically~*~*~ (stealth).
You closely miss the orc. The orc hits you with a +0 flail!
Ouch! That really hurt!
You hit the black bear.
The black bear is lightly wounded.
You closely miss the orc.
The black bear bites you but does no damage.
The black bear claws you but does no damage. x2
The orc hits you with a +0 flail. The black bear bites you!
Ouch! That really hurt!
You die...

..# ##.###.......##
...# ####.........#
....# #..........#
.....# ##...........
.....o# ##............
.......##.............
......)...............
......#)..............
o## #..o@.#..........
#...h.###.........
#.....## ##.......#
........# ##.....##
#......... #...##
...........
...........
............


You could see a black bear and 2 orcs.

Vanquished Creatures
  2 orcs (D:5)
2 creatures vanquished.

Notes
Turn   | Place    | Note
-------+----------+-------------------------------------------
     0 | D:5      | qw the Gargoyle Delver began the quest for the Orb.
     0 | D:5      | Reached XP level 1. HP: 14/14 MP: 1/1
     0 | D:5      | 0 ||| qw: Version: 0.1-a-116-g5d60599
     0 | D:5      | 0 ||| qw: Game counter: 7726
     0 | D:5      | 0 ||| qw: Always use a shield: true
     0 | D:5      | 0 ||| qw: God list: Okawaru
     0 | D:5      | 0 ||| qw: Allow faded altars: false
     0 | D:5      | 0 ||| qw: Do Orc after D:15 true
     0 | D:5      | 0 ||| qw: Do second Lair branch before Depths: true
     0 | D:5      | 0 ||| qw: Lair rune preference: random
     0 | D:5      | 0 ||| qw: Plans: Normal
     0 | D:5      | 0 ||| PLANNING D:1-11
    22 | D:5      | 22 ||| Stepping ~*~*~tactically~*~*~ (stealth).
    28 | D:5      | Noticed a black bear
    29 | D:5      | 29 ||| Stepping ~*~*~tactically~*~*~ (stealth).
    33 | D:5      | 33 ||| Stepping ~*~*~tactically~*~*~ (stealth).
    36 | D:5      | 36 ||| Stepping ~*~*~tactically~*~*~ (stealth).
    38 | D:5      | HP: 2/14 [orc/+0 flail (2)]
    38 | D:5      | Slain by a black bear

Levels and vault maps discovered:
D:5:      layout_cave_pods, minmay_temple_entry_stoned_glass,
          cheibrodos_sewer_entry_sluice, amcnicky_mini_pool_medium

Skill      XL: |  1 |
---------------+----+-----
Axes           | 2 |  2.1
Fighting       | |  3.2
Dodging        | |  1.5
Stealth        | |  5.4

Action                   || total
-------------------------++-------
Melee: Hand axe          ||     5
Armor: Leather armour    ||     3

Table legend:
 A = Non-vault XP
 B = Vault XP
 C = Vault XP percentage of total XP
 D = Non-vault monster count
 E = Vault monster count
 F = Vault count percentage of total count
                 A         B        C        D         E       F
            +---------+---------+-------+---------+---------+-------
      Total |       6 |       0 |   0.0 |       2 |       0 |   0.0
            +---------+---------+-------+---------+---------+-------
        D:5 |       6 |       0 |   0.0 |       2 |       0 |   0.0
            +---------+---------+-------+---------+---------+-------
